 Dungeon Crawl Stone Soup version 0.29.1-14-g9c671dbff4 (webtiles) character file.

Game seed: 1911617337904497426

72 Wobber the Changer (level 4, -2/28 HPs)
             Began as an Octopode Transmuter on Feb 14, 2023.
             Killed from afar by an orc wizard (11 damage)
             ... with a puff of flame
             ... on level 2 of the Dungeon.
             The game lasted 00:02:23 (1384 turns).

Wobber the Changer (Octopode Transmuter)            Turns: 1384, Time: 00:02:26

Health: -2/28      AC:  1    Str:  9    XL:     4   Next: 26%
Magic:  7/7        EV: 13    Int: 17    God:
Gold:   72         SH:  0    Dex: 12    Spells: 3/7 levels left

rFire   . . .      SeeInvis .     - Unarmed
rCold   . . .      Faith    .   (no shield)
rNeg    . . .      Spirit   .   (helmet currently unavailable)
rPois   .          Reflect  .   (no amulet)
rElec   .          Harm     .   (no ring)
rCorr   .          Rampage  .   (no ring)
Will    .....                   (no ring)
Stlth   ++........              (no ring)
HPRegen 0.09/turn               (no ring)
MPRegen 0.10/turn               (no ring)
                                (no ring)
                                (no ring)

@: appendages (expiring)
A: tentacle spike 3, almost no armour, amphibious, 8 rings, camouflage 1,
gelatinous body 1, (nimble swimmer 1), tentacles
a: End Transformation


You were on level 2 of the Dungeon.
One of your tentacles had grown a beastly spike.
You visited 1 branch of the dungeon, and saw 2 of its levels.

You collected 72 gold pieces.

Inventory:

Missiles
 e - 2 poisoned darts
 f - 3 javelins
 l - 13 stones
Scrolls
 d - a scroll of magic mapping {unknown}
 g - a scroll of noise {unknown}
 h - a scroll of enchant weapon {unknown}
 i - 2 scrolls of identify {unknown}
 j - a scroll of amnesia {unknown}
 m - a scroll of butterflies {unknown}
 n - a scroll of enchant armour {unknown}
 p - a scroll of fear {unknown}
Potions
 a - a potion of lignification
 b - a potion of mutation {unknown}
 c - a potion of magic {unknown}
 k - a potion of heal wounds {unknown}
 o - a potion of curing {unknown}


   Skills:
 - Level 1.0 Fighting
 - Level 2.0 Dodging
 - Level 3.0 Unarmed Combat
 - Level 2.0 Spellcasting
 + Level 3.9 Transmutations
 + Level 2.0 Poison Magic


You had 3 spell levels left.
You knew the following spells:

 Your Spells              Type           Power      Damage    Failure   Level
a - Beastly Appendage     Tmut           30%        N/A       3%          1
b - Spider Form           Tmut/Pois      11%        N/A       17%         3

Your spell library contained the following spells:

 Spells                   Type           Power      Damage    Failure   Level
 Wereblood                Tmut           15%        N/A       6%          2
 Foxfire                  Conj/Fire      4%         2x1d4     19%         1
 Conjure Flame            Conj/Fire      1%         6-21      50%         3
 Inner Flame              Hex/Fire       1%         N/A       50%         3
 Ice Form                 Ice/Tmut       8%         N/A       65%         4
 Flame Wave               Conj/Fire      1%         2d4       88%         4


Dungeon Overview and Level Annotations

Branches:
Dungeon (2/15)

Altars:

Shops:
D:2 (


Innate Abilities, Weirdness & Mutations

One of your tentacles has grown a beastly spike.
You cannot wear most types of armour.
You are amphibious.
You can wear up to eight rings at the same time.
Your skin changes colour to match your surroundings (Stealth+).
Your rubbery body absorbs attacks. (AC +1, EV +1)
((You are camouflaged when in or above water. (Stealth+)))
You have tentacles for arms and can constrict up to eight enemies at once.


Message History

You constrict the orc priest.
The orc priest hits you with a +0 dagger.
You tentacle-slap the orc priest.
You pierce the orc priest.
You kill the orc priest!
Your Poison Magic skill increases to level 2!
You have reached level 4!
You barely miss the orc. Your grab misses the orc.
Your tentacle spike misses the orc.
You squeeze the orc.
The orc is severely wounded.
You tentacle-slap the orc. You grab the orc.
The orc is almost dead.
You constrict the orc.
You kill the orc!
You barely miss the rat. You grab the rat.
You pierce the rat, but do no damage.
Your transformation is almost over.
You constrict the rat.
You kill the rat!
Found a human corpse and a dagger.
The orc wizard points at you and mumbles some strange words.
The magic dart hits you!
Items here: )) [ ††.
The orc wizard misses you.
You tentacle-slap the orc wizard but do no damage.
You grab the orc wizard.
You constrict the orc wizard, but do no damage.
The orc wizard hits you with a +0 dagger.
You tentacle-slap the orc wizard.
You squeeze the orc wizard, but do no damage.
The orc wizard is lightly wounded.
You constrict the orc wizard.
The orc wizard hits you with a +0 dagger.
* * * LOW HITPOINT WARNING * * *
You tentacle-slap the orc wizard but do no damage.
You pierce the orc wizard.
The orc wizard is moderately wounded.
You constrict the orc wizard. The orc wizard casts a spell at you.
The puff of flame hits you!
You die...

.........#... .
###.###..# .# #.
# #.# #..# # ...
# #.# #..# ##.#
# #.# #..# ...#
# #.# #..#
#...## ###.#
#..# ##.....#.
....# #..#
###........
##### #..#
#))@o.∩...# #
#..# #.#.......#
### #..#
#.##.†..)##
>.### #.## #.#
#...## ....#
#.######.# ##.#
....###...<....#
.#
.........#######
. ......#.## #
....#.#.#


You could see an orc wizard.

Vanquished Creatures
  An orc priest (D:2)
  3 orcs (D:2)
  3 endoplasms (D:1)
  A giant cockroach (D:2)
  6 hobgoblins
  3 jackals (D:1)
  2 kobolds (D:1)
  4 quokkas
  3 ball pythons (D:1)
  2 frilled lizards
  5 goblins
  2 rats
35 creatures vanquished.

Notes
Turn   | Place    | Note
-------+----------+-------------------------------------------
     0 | D:1      | Wobber the Octopode Transmuter began the quest for the Orb.
     0 | D:1      | Reached XP level 1. HP: 13/13 MP: 3/3
   143 | D:1      | Reached XP level 2. HP: 18/18 MP: 3/5
   667 | D:1      | Reached XP level 3. HP: 22/23 MP: 4/6
   682 | D:1      | Learned a level 3 spell: Spider Form
  1349 | D:2      | Found a faded altar of an unknown god.
  1370 | D:2      | Found Mezurr's Weapon Shoppe.
  1372 | D:2      | Reached skill level 1 in Poison Magic
  1377 | D:2      | Reached XP level 4. HP: 20/28 MP: 7/7
  1384 | D:2      | Killed from afar by an orc wizard

Illustrated notes

Levels and vault maps discovered:
D:1:      amcnicky_arrival_feature_with_door, layout_basic
D:2:      layout_loops_ring, serial_shops, nicolae_shop_bloodbath_and_beyond,
          shapermc_ecumenical_altar_pompeii, uniq_jessica,
          uniq_crazy_yiuf_cottage

Skill      XL: |  1  2  3 |
---------------+----------+-----
Transmutations | 3 |  3.9
Poison Magic   | 2 |  2.0
Fighting       | |  1.0
Dodging        | |  2.0
Unarmed Combat | |  3.0
Spellcasting   | |  2.0

Action                   |  1- 3 |  4- 6 || total
-------------------------+-------+-------++-------
Melee: Unarmed           |    67 |     6 ||    73
       Kick              |    20 |     2 ||    22
       Constrict         |    20 |     3 ||    23
       Tentacles         |    10 |     2 ||    12
       Punch             |     1 |       ||     1
 Cast: Beastly Appendage |    18 |       ||    18
 Stab: Sleeping          |     4 |       ||     4
Armor: Skin              |     2 |       ||     2
Dodge: Dodged            |    25 |     1 ||    26
